 Dungeon Crawl Stone Soup version 0.20.1-1-g8b1a95d (webtiles) character file.

338 aronpayne the Cudgeler (level 6, 0/52 HPs)
             Began as a Minotaur Fighter on Dec 7, 2017.
             Succumbed to a scorpion's poison
             ... on level 4 of the Dungeon.
             The game lasted 00:16:05 (3200 turns).

aronpayne the Cudgeler (Minotaur Fighter)           Turns: 3200, Time: 00:16:06

Health: 0/52       AC: 14    Str: 20    XL:     6   Next: 29%
Magic:  4/5        EV: 10    Int:  7    God:
Gold:   164        SH: 10    Dex: 15    Spells: 5/5 levels left

rFire    . . .     SeeInvis +   a - +0 flail
rCold    . . .     Gourm    .   c - +0 shield
rNeg     . . .     Faith    .   t - +4 chain mail
rPois    .         Spirit   +   (helmet restricted)
rElec    .         Reflect  .   p - +0 cloak
rCorr    .         Harm     .   (no gloves)
MR       .....                  (no boots)
Stlth    ..........             e - amulet of guardian spirit
Regen    0.2/turn               r - ring of see invisible
MPRegen  0.1/turn               (no ring)

@: agile, lethally poisoned (0 -> -7), very slightly contaminated, invisible
A: retaliatory headbutt, horns 2
a: no special abilities


You were on level 4 of the Dungeon.
You were hungry.

You visited 1 branch of the dungeon, and saw 4 of its levels.

You collected 164 gold pieces.

Inventory:

Hand Weapons
 a - a +0 flail (weapon)
Armour
 c - a +0 shield (worn)
 p - a +0 cloak (worn)
 t - a +4 chain mail (worn)
Jewellery
 e - an amulet of guardian spirit (around neck)
 r - a ring of see invisible (left hand)
Scrolls
 b - 2 scrolls of identify {unknown}
 i - 5 scrolls of remove curse {unknown}
 j - a scroll of recharging {unknown}
 k - a scroll of amnesia {unknown}
 l - a scroll of fear {unknown}
 m - a scroll of enchant weapon {unknown}
 o - 6 scrolls of magic mapping {unknown}
Potions
 d - a potion of might
 h - a potion of agility
 s - a potion of invisibility
 u - a potion of heal wounds {unknown}
 v - a potion of curing {unknown}
 w - a potion of flight {unknown}
Comestibles
 f - 3 bread rations
 g - 4 chunks of flesh
 n - 2 royal jellies
 q - 3 fruits


   Skills:
 - Level 4.0 Fighting
 * Level 7.4 Maces & Flails
 - Level 4.1 Armour
 - Level 0.2 Dodging
 - Level 4.0 Shields


You had 5 spell levels left.
You didn't know any spells.

Dungeon Overview and Level Annotations

Branches:
Dungeon (4/15)
 Temple: D:4-7

Altars:
Dithmenos
Yredelemnul


Innate Abilities, Weirdness & Mutations

You reflexively headbutt those who attack you in melee.
You have a pair of horns on your head.


Message History

You feel sick.
The scorpion stings you but does no damage.
You closely miss the scorpion.
The scorpion is almost dead.
* * * LOW HITPOINT WARNING * * *
You feel sick. You block the scorpion's attack.
It was a potion of agility.
You feel agile all of a sudden.
* * * LOW HITPOINT WARNING * * *
You feel sick. The scorpion stings you.
It was a potion of invisibility.
You fade into invisibility!
* * * LOW HITPOINT WARNING * * *
You feel sick. You block the scorpion's attack.
You are very lightly contaminated with residual magic.
* * * LOW HITPOINT WARNING * * *
You feel sick.
* * * LOW HITPOINT WARNING * * *
You feel sick.
You die...

#########.# ####.########
#.## .......##.###....#
#.## ######.##........#
#.## #.######.#### #. # #.#
#.# # #.# #(# # #.# #.#
#####.######.###########
#..............@.s.....#
......>...####.###.......%#
#......##.# #.# #.#.(....(
#..######.# #.# #.#.##....
#.. #.# ... #.#.# ... ..
#.# ... ..#.. .. # #.#
....####.. . #.# .#.## ..#
#.#


You could see a scorpion.

Vanquished Creatures
  An orc wizard (D:4)
  3 worker ants (D:4)
  Natasha (D:3)
  A hound skeleton (D:4)
  A hound zombie (D:3)
  3 gnolls (D:3)
  8 adders
  An adder skeleton (D:4)
  A worm (D:1)
  2 dart slugs (D:2)
  15 orcs
  6 bats
  3 giant cockroaches
  6 goblins
  4 hobgoblins
  3 jackals (D:3)
  A quokka (D:3)
  8 frilled lizards
  A kobold (D:2)
  8 rats
77 creatures vanquished.

Notes
Turn   | Place    | Note
-------+----------+-------------------------------------------
     0 | D:1      | aronpayne the Minotaur Fighter began the quest for the Orb.
     0 | D:1      | Reached XP level 1. HP: 19/19 MP: 0/0
   335 | D:1      | Reached XP level 2. HP: 27/27 MP: 1/1
   809 | D:2      | Reached XP level 3. HP: 33/33 MP: 2/2
   863 | D:2      | Reached skill level 3 in Maces & Flails
  1678 | D:3      | Found a shadowy altar of Dithmenos.
  1724 | D:3      | Reached skill level 4 in Maces & Flails
  1772 | D:3      | Found a basalt altar of Yredelemnul.
  1897 | D:3      | Reached XP level 4. HP: 38/40 MP: 3/3
  1949 | D:3      | Reached skill level 5 in Maces & Flails
  2323 | D:3      | Noticed Natasha
  2331 | D:3      | Killed Natasha
  2331 | D:3      | Reached XP level 5. HP: 22/46 MP: 2/4
  2690 | D:3      | Reached skill level 6 in Maces & Flails
  2934 | D:4      | Reached skill level 7 in Maces & Flails
  2934 | D:4      | Reached XP level 6. HP: 50/52 MP: 5/5
  3197 | D:4      | HP: 2/52 [poisoned by a scorpion]
  3200 | D:4      | Succumbed to a scorpion's poison

Skill      XL: |  1  2  3  4  5 |
---------------+----------------+-----
Fighting       | 4 |  4.0
Armour         | 4 |  4.1
Shields        | 4 |  4.0
Maces & Flails | 4 5 7 |  7.4
Dodging        | |  0.2

Action                   |  1- 3 |  4- 6 || total
-------------------------+-------+-------++-------
Melee: Flail             |    82 |   174 ||   256
       Headbutt          |    11 |    27 ||    38
  Use: Potion            |       |     2 ||     2
  Eat: Chunk             |     3 |     4 ||     7
Armor: Scale mail        |    20 |       ||    20
       Chain mail        |     3 |    79 ||    82
Dodge: Dodged            |    32 |    27 ||    59
Block: Shield            |    30 |    60 ||    90
